 Dungeon Crawl Stone Soup version 0.22.1-2-g9c5b331 (webtiles) character file.

27 khorgoht the Grave Robber (level 3, -8/25 (26) HPs)
             Began as a Ghoul Necromancer on Dec 30, 2018.
             Mangled by a worm (10 damage)
             ... on level 2 of the Dungeon.
             The game lasted 00:06:13 (1051 turns).

khorgoht the Grave Robber (Ghoul Necromancer)       Turns: 1051, Time: 00:06:14

HP:   -8/25 (26)    AC:  5    Str: 11    XL:     3   Next: 10%
MP:   1/5           EV: 10    Int: 11    God:
Gold: 28            SH:  0    Dex:  9    Spells: 5/6 levels left

rFire    . . .     SeeInvis .   g - +0 spear
rCold    + . .     Gourm    .   (no shield)
rNeg     + + +     Faith    .   i - +0 ring mail
rPois    ∞         Spirit   .   (no helmet)
rElec    .         Reflect  .   (no cloak)
rCorr    .         Harm     .   (no gloves)
MR       .....                  (no boots)
Stlth    +.........             (no amulet)
HPRegen  0.00/turn              (no ring)
MPRegen  0.09/turn              (no ring)

@: rotting
A: rotting body, claws 1, carnivore, cold resistance 1, negative energy
resistance 3, inhibited regeneration, torment resistance, unbreathing
a: no special abilities


You were on level 2 of the Dungeon.
You were not hungry.

You visited 1 branch of the dungeon, and saw 2 of its levels.

You collected 28 gold pieces.

Inventory:

Hand Weapons
 b - a +0 mace
 f - a +0 club
 g - a +0 spear (weapon)
Missiles
 e - 27 stones (quivered)
Armour
 a - a +0 robe
 i - a +0 ring mail (worn)
Scrolls
 j - a scroll of identify {unknown}
 k - a scroll of enchant weapon {unknown}
Potions
 h - a potion of might {unknown}
 l - a potion of degeneration {unknown}
 m - a potion of haste {unknown}
Comestibles
 c - a ration


   Skills:
 + Level 0.2 Fighting
 + Level 0.7 Polearms
 + Level 0.1 Armour
 + Level 2.0 Dodging
 + Level 2.1 Stealth
 + Level 2.0 Spellcasting
 + Level 4.4 Necromancy


You had 5 spell levels left.
You knew the following spells:

 Your Spells              Type           Power        Failure   Level  Hunger
a - Pain                  Necr           ##..         12%         1    ##.....

Your spell library contained the following spells:

 Spells                   Type           Power        Failure   Level  Hunger
 Animate Skeleton         Necr           N/A          12%         1    ##.....
 Vampiric Draining        Necr           ##........   34%         3    ####...
 Regeneration             Chrm/Necr      #.........   65%         3    ####...
 Animate Dead             Necr           N/A          75%         4    #####..


Dungeon Overview and Level Annotations

Branches:
Dungeon (2/15)

Altars:
Elyvilon


Innate Abilities, Weirdness & Mutations

Your body is rotting away.
You thrive on raw meat.
You are immune to poison.
You have sharp fingernails.
You are carnivorous and can eat meat at any time.
Your flesh is cold resistant. (rC+)
You are immune to negative energy. (rN+++)
You do not regenerate when monsters are visible.
You are immune to unholy pain and torment.
You can survive without breathing.


Message History

The worm writhes in agony!
The worm closely misses you.
You hit the worm but do no damage.
The worm is moderately wounded.
You hit the worm.
The worm is heavily wounded.
The worm bites you.
You hit the worm.
The worm is severely wounded.
The worm misses you.
You hit the worm.
The worm is severely wounded.
You hit the worm but do no damage.
The worm is severely wounded.
The worm bites you!
* * * LOW HITPOINT WARNING * * *
You hit the worm.
The worm is almost dead.
The worm bites you!
You die...

#########.###.#
#...w......?..#
#####..####.####...
#...<..##.....## #
#.####.#.......# .#
#.#.......#..#
#....._.......
#..#...w...#.##
#..#...@...#.#
....##.....## #
.##..####.### #
##.. .... ###
#..... ......
+....... #........
##.......#


You could see a worm.

Vanquished Creatures
  A dart slug (D:1)
  A leopard gecko (D:1)
  A ball python (D:1)
  3 bats (D:1)
  2 hobgoblins (D:1)
  5 kobolds (D:1)
  2 quokkas (D:2)
  2 frilled lizards (D:1)
  2 goblins (D:1)
  3 rats (D:1)
22 creatures vanquished.

Notes
Turn   | Place    | Note
-------+----------+-------------------------------------------
     0 | D:1      | khorgoht the Ghoul Necromancer began the quest for the Orb.
     0 | D:1      | Reached XP level 1. HP: 14/14 MP: 2/2
   253 | D:1      | Reached XP level 2. HP: 13/20 MP: 1/3
   816 | D:1      | Reached XP level 3. HP: 26/26 MP: 3/5
   985 | D:2      | Found a white marble altar of Elyvilon.
  1051 | D:2      | Mangled by a worm

Skill      XL: |  1  2  3 |
---------------+----------+-----
Spellcasting   | 2 |  2.0
Dodging        | 2 |  2.0
Fighting       | |  0.2
Polearms       | |  0.7
Armour         | |  0.1
Stealth        | |  2.1
Necromancy     | |  4.4

Action                   || total
-------------------------++-------
Melee: Spear             ||    80
       Unarmed           ||    10
 Cast: Pain              ||    21
  Use: Scroll            ||     1
  Eat: Chunk             ||     5
Armor: Ring mail         ||    45
       Robe              ||     2
Dodge: Dodged            ||    66
